 Dungeon Crawl Stone Soup version 0.22-a0-21-g9421e3f (webtiles) character file.

38 tidbits the Sneak (level 3, 0/14 HPs)
             Began as a Felid Necromancer on Jan 2, 2018.
             Slain by a bat (1 damage)
             ... on level 1 of the Dungeon.
             The game lasted 00:03:19 (451 turns).

tidbits the Sneak (Felid Necromancer)                Turns: 451, Time: 00:03:20

Health: 0/14       AC:  1    Str:  4    XL:     3   Next: 25%
Magic:  2/7        EV: 18    Int: 17    God:
Gold:   37         SH:  0    Dex: 16    Spells: 1/6 levels left
                                        Lives:  0   Deaths: 0

rFire    . . .     SeeInvis +     - Unarmed
rCold    . . .     Gourm    .   (shield unavailable)
rNeg     . . .     Faith    .   (armour unavailable)
rPois    .         Spirit   .   (helmet unavailable)
rElec    .         Reflect  .   (cloak unavailable)
rCorr    .         Harm     .   (gloves unavailable)
MR       .....                  (boots unavailable)
Stlth    +++.......             (no amulet)
HPRegen  0.04/turn              (no ring)
MPRegen  0.10/turn              (no ring)

@: quick
A: very small, no armour, no weapons or thrown items, stealth, claws 1, fangs 3,
see invisible, carnivore, speed 1, shaggy fur 1, slow metabolism 1, sharp paws
a: no special abilities


You were on level 1 of the Dungeon.
You were not hungry.

You visited 1 branch of the dungeon, and saw 2 of its levels.

You collected 37 gold pieces.

Inventory:

Missiles
 d - 10 arrows
Scrolls
 c - a scroll of identify {unknown}
 e - a scroll of random uselessness {unknown}
Books
 a - a book of Necromancy

   Spells                             Type                      Level
   a - Pain                           Necromancy                   1
   b - Animate Skeleton               Necromancy                   1
   c - Vampiric Draining              Necromancy                   3
   d - Regeneration                   Charms/Necromancy            3
   e - Animate Dead                   Necromancy                   4
   f - Borgnjor's Vile Clutch         Necromancy/Earth             5
Comestibles
 b - 2 rations


   Skills:
 - Level 2.6 Dodging
 + Level 4.2 Stealth
 + Level 2.0 Unarmed Combat
 - Level 2.0 Spellcasting
 - Level 4.0 Necromancy


You had one spell level left.
You knew the following spells:

 Your Spells              Type           Power        Failure   Level  Hunger
a - Pain                  Necr           ###.         3%          1    #......
d - Vampiric Draining     Necr           ###.......   11%         3    ###....
n - Animate Skeleton      Necr           N/A          3%          1    #......


Dungeon Overview and Level Annotations

Branches:
Dungeon (2/15)

Altars:


Innate Abilities, Weirdness & Mutations

You cannot wear armour.
You are incapable of wielding weapons or throwing items.
Your paws allow you to move quietly. (Stealth)
You have sharp claws.
You have razor-sharp teeth.
You have supernaturally acute eyesight. (SInv)
You are carnivorous and can eat meat at any time.
You cover ground quickly.
You are covered in fur. (AC +1)
You have a slow metabolism.
Your sharp claws are effective at attacking unaware monsters.


Message History

Found a stone staircase leading up.
The helpless worm fails to defend itself.
You claw the worm!
The worm is severely wounded.
Casting: Pain
Confirm with . or Enter, or press ? or * to list all spells.
You can't see any susceptible monsters within range! (Use Z to cast anyway.)
Casting: Pain
Confirm with . or Enter, or press ? or * to list all spells.
Aiming: Pain
Press: ? - help, Shift-Dir - straight line, f - worm
Aim: a worm (heavily wounded, chance to defeat MR: 80%)
The worm writhes in agony!
Casting: Pain
Confirm with . or Enter, or press ? or * to list all spells.
Aiming: Pain
Press: ? - help, Shift-Dir - straight line, f/p - worm
Aim: a worm (almost dead, chance to defeat MR: 80%)
The worm writhes in agony!
You kill the worm!
Your Unarmed Combat skill increases to level 2!
Wield which item (- for none, * to show all)? (? for menu, Esc to quit)
c - a scroll labeled OLEHIM GAMUPS (in mouth)
You swing at nothing.
You swing at nothing.
You swing at nothing.
You swing at nothing.
You swing at nothing.
You swing at nothing.
You swing at nothing.
You swing at nothing.
You swing at nothing.
You swing at nothing.
You swing at nothing.
You swing at nothing.
You swing at nothing.
You swing at nothing.
You swing at nothing.
You swing at nothing.
You swing at nothing.
You swing at nothing.
You swing at nothing.
You swing at nothing.
You swing at nothing.
You swing at nothing.
You swing at nothing.
All of the chunks of flesh in your inventory have rotted away.
Wield which item (- for none, * to show all)? (? for menu, Esc to quit)
Your mouth is now empty.
You see here 12 gold pieces.
You now have 37 gold pieces (gained 12).
A kobold comes into view. It is wielding a short sword.
The kobold shouts!
You hear an angry hiss.
The kobold throws a stone.
The stone closely misses you.
You see here a stone.
You see here a stone.
There is a stone staircase leading up here.
You climb upwards.
There is a stone staircase leading down here.
A bat comes into view.
A kobold comes into view. It is wielding a dagger.
The kobold shouts!
You hear a shout!
A rat comes into view.
Casting: Pain
Confirm with . or Enter, or press ? or * to list all spells.
Aiming: Pain
Press: ? - help, Shift-Dir - straight line, f - kobold
Aim: a kobold, wielding a dagger (chance to defeat MR: 85%)
The kobold barely resists.
Casting: Pain
Confirm with . or Enter, or press ? or * to list all spells.
Aiming: Pain
Press: ? - help, Shift-Dir - straight line, f/p - kobold
Aim: a kobold, wielding a dagger (chance to defeat MR: 85%)
The bat writhes in agony!
The bat completely misses you.
A kobold comes into view. It is wielding a dagger.
Casting: Pain
Confirm with . or Enter, or press ? or * to list all spells.
Aiming: Pain
Press: ? - help, Shift-Dir - straight line, f/p - kobold
Aim: a kobold, wielding a dagger (chance to defeat MR: 85%)
The kobold barely resists.
The bat misses you.
Casting: Pain
Confirm with . or Enter, or press ? or * to list all spells.
Aiming: Pain
Press: ? - help, Shift-Dir - straight line, f/p - kobold
Aim: a kobold, wielding a dagger (chance to defeat MR: 85%)
The kobold writhes in agony!
You kill the kobold!
The bat hits you but does no damage.
The kobold throws a stone.
The stone hits you but does no damage.
Casting: Pain
Confirm with . or Enter, or press ? or * to list all spells.
Aiming: Pain
Press: ? - help, Shift-Dir - straight line, f - bat
Aim: a bat (chance to defeat MR: 85%)
The bat writhes in agony!
The bat closely misses you. The bat misses you. The bat barely misses you.
The kobold throws a stone.
The stone misses you. The bat hits you.
You die...

## ## ## .# #. ..
.# #. . .#. #####.
#.# ......##@####
.#
.......rb(..####..#
.....).(..........#
...#..##...........
..K.. ####.######
#.### ##.#.# .
.##.##....#
.........#
.##.##....#


You could see a bat, a kobold and a rat.

Vanquished Creatures
  3 gnolls (D:2)
  A worm (D:2)
  2 bats (D:1)
  A giant cockroach (D:1)
  A hobgoblin (D:2)
  A kobold (D:1)
  A rat (D:1)
10 creatures vanquished.

Notes
Turn   | Place    | Note
-------+----------+-------------------------------------------
     0 | D:1      | tidbits the Felid Necromancer began the quest for the Orb.
     0 | D:1      | Reached XP level 1. HP: 7/7 MP: 4/4
    53 | D:1      | Reached skill level 3 in Stealth
   187 | D:2      | Reached skill level 1 in Unarmed Combat
   187 | D:2      | Reached XP level 2. HP: 2/11 MP: 0/6
   194 | D:2      | Learned a level 1 spell: Animate Skeleton
   348 | D:2      | Reached skill level 4 in Stealth
   348 | D:2      | Reached XP level 3. HP: 2/14 MP: 0/7
   353 | D:2      | Learned a level 3 spell: Vampiric Draining
   383 | D:2      | Reached skill level 2 in Unarmed Combat
   451 | D:1      | Slain by a bat

Vault maps used:
D:1:      dpeg_arrival_chase
D:2:      kennysheep_the_goblin_king, grunt_ministairs_4

Skill      XL: |  1  2  3 |
---------------+----------+-----
Stealth        | 3 4 |  4.2
Unarmed Combat | 1 2 |  2.0
Dodging        | |  2.6
Spellcasting   | |  2.0
Necromancy     | |  4.0

Action                   || total
-------------------------++-------
Melee: Unarmed           ||     4
 Cast: Pain              ||    30
       Animate Skeleton  ||     1
 Stab: Sleeping          ||     4
Armor: Skin              ||     1
Dodge: Dodged            ||     8

Table legend:
 A = Spawn XP
 B = Non-spawn XP
 C = Spawn XP percentage of total XP
 D = Spawn monster count
 E = Non-spawn monster count
 F = Spawn count percentage of total count
 G = Total turns spent on level
                    A         B        C        D         E        F      G
               +---------+---------+-------+---------+---------+-------+---------
         Total |       0 |      55 |   0.0 |       0 |      10 |   0.0 |   451
               +---------+---------+-------+---------+---------+-------+---------
           D:1 |       0 |       8 |   0.0 |       0 |       5 |   0.0 |   123
           D:2 |       0 |      47 |   0.0 |       0 |       5 |   0.0 |   328
               +---------+---------+-------+---------+---------+-------+---------

Table legend:
 A = Turns spent in this place as a percentage of turns spent in the entire game.
 B = Non-inter-level travel turns spent in this place as a percentage of non-inter-level travel turns spent in the entire game.
 C = Inter-level travel turns spent in this place as a percentage of turns spent in this place.
 D = Turns resting spent in this place as a percentage of non-inter-level travel turns spent in this place.
 E = Turns spent auto-exploring this place as a percentage of non-inter-level travel turns spent in this place.
 F = Non-inter-level travel turns spent in this place divided by the number of levels of this place that you've seen.
                   A       B       C       D       E      F
               +-------+-------+-------+-------+-------+----------------------
         Total | 100.0 | 100.0 |   0.0 |   0.0 |   0.0 | 225.5
       Dungeon | 100.0 | 100.0 |   0.0 |   0.0 |   0.0 | 225.5
               +-------+-------+-------+-------+-------+----------------------

Table legend:
 A = Kills in this place as a percentage of kills in entire the game.
 B = Kills by you in this place as a percentage of kills by you in the entire game.
 C = Kills by friends in this place as a percentage of kills by friends in the entire game.
 D = Other kills in this place as a percentage of other kills in the entire game.
 E = Experience gained in this place as a percentage of experience gained in the entire game.
 F = Experience gained in this place divided by the number of levels of this place that you have seen.
                   A       B       C       D       E      F
               +-------+-------+-------+-------+-------+----------------------
         Total | 100.0 | 100.0 |   N/A |   N/A | 100.0 |  27.5
       Dungeon | 100.0 | 100.0 |   N/A |   N/A | 100.0 |  27.5
               +-------+-------+-------+-------+-------+----------------------

Vault maps used:
D:1:      dpeg_arrival_chase
D:2:      kennysheep_the_goblin_king, grunt_ministairs_4
